 Dungeon Crawl Stone Soup version 0.26-a0-43-g20b394cb32 (webtiles) character file.

Game seed: 10639997700810715389

55 Gargoyl the Skirmisher (level 3, 0/31 HPs)
             Began as a Centaur Abyssal Knight on June 3, 2020.
             Was a Follower of Lugonu.
             Slain by a worker ant (6 damage)
             ... on level 4 of the Dungeon.
             The game lasted 00:02:52 (1737 turns).

Gargoyl the Skirmisher (Centaur Abyssal Knight)     Turns: 1737, Time: 00:02:52

Health: 0/31       AC:  5    Str: 13 (14) XL:     3   Next: 67%
Magic:  4/4        EV:  7    Int: 10 (11) God:    Lugonu [*.....]
Gold:   185        SH:  4    Dex:  7 (9)  Spells: 2/2 levels left

rFire    . . .     SeeInvis .   a - +1 hand axe
rCold    . . .     Gourm    .   f - +1 buckler
rNeg     . . .     Faith    .   h - +0 ring mail
rPois    .         Spirit   .   (no helmet)
rElec    .         Reflect  .   (no cloak)
rCorr    +         Harm     .   (no gloves)
MR       .....                  (no barding)
Stlth    ..........             (no amulet)
HPRegen  0.10/turn              i - ring of resist corrosion
MPRegen  0.09/turn              (no ring)

@: lethally poisoned (0 -> -5), very quick
A: large, hooves 3, deformed body, speed 2, tough skin 3
a: Depart the Abyss, Renounce Religion


You were on level 4 of the Dungeon.
You worshipped Lugonu.
Lugonu was aware of your devotion.
You were not hungry.

You visited 1 branch of the dungeon, and saw 3 of its levels.
You visited the Abyss 1 time.

You collected 185 gold pieces.

Inventory:

Hand Weapons
 a - a +1 hand axe (weapon)
Missiles
 d - 6 silver javelins (quivered)
Armour
 f - a +1 buckler (worn)
 h - a +0 ring mail (worn)
Jewellery
 i - a ring of resist corrosion (left hand)
 l - an uncursed amulet of magic regeneration {unknown}
Scrolls
 j - 2 scrolls of enchant armour
 k - a scroll of identify
 m - a scroll of amnesia {unknown}
Potions
 n - a potion of stabbing {unknown}
 o - a potion of haste {unknown}
Comestibles
 b - 5 chunks of flesh
 c - 5 rations


   Skills:
 + Level 3.5 Fighting
 + Level 2.1 Axes
 * Level 1.8 Armour
 + Level 0.7 Dodging
 * Level 0.7 Shields
 * Level 2.5 Invocations


You had 2 spell levels left.
You didn't know any spells.
Your spell library was empty.

Dungeon Overview and Level Annotations

Branches:
Dungeon (2/15)

Altars:
Nemelex Xobeh


Innate Abilities, Weirdness & Mutations

You have hooves in place of feet.
Armour fits poorly on your strangely shaped body.
You cover ground very quickly.
You have extremely tough skin. (AC +3)


Message History

Your kick misses the worker ant.
The worker ant is moderately wounded.
The worker ant bites you. x2
You barely miss the worker ant. You kick the worker ant.
The worker ant is heavily wounded.
The worker ant closely misses you.
Your shield prevents you from hitting the worker ant.
Your kick misses the worker ant.
The worker ant is heavily wounded.
The worker ant bites you.
* * * LOW HITPOINT WARNING * * *
You are poisoned.
The worker ant poisons you!
The worker ant bites you but does no damage.
It was a potion of degeneration.
There was something very wrong with that liquid.
You feel weakened.
You feel dopey.
You feel clumsy.
* * * LOW HITPOINT WARNING * * *
You feel sick. The worker ant bites you.
You die...

### ..#
######.##
#.......#
#.####.(##
#a.......#
#@.#.....#
#..#.##..###.#
#..#.........#
#........####
##.#.........#
#.........a.#
###.#.#####.#
....## ..
###.## ##


You could see a worker ant.

Vanquished Creatures
  2 adders (D:2)
  2 worms
  A dart slug (D:1)
  2 leopard geckos (D:1)
  3 giant cockroaches
  4 goblins
  2 hobgoblins
  3 kobolds
  7 bats
  3 frilled lizards
  2 rats (D:1)
31 creatures vanquished.

Notes
Turn   | Place    | Note
-------+----------+-------------------------------------------
     0 | Abyss:1  | Gargoyl the Centaur Abyssal Knight began the quest for the
                  | Orb.
     0 | Abyss:1  | Reached XP level 1. HP: 19/19 MP: 2/2
    15 | Abyss:2  | Found a corrupted altar of Lugonu.
    15 | Abyss:2  | Noticed a blink frog
    15 | Abyss:2  | Noticed a neqoxec
    15 | Abyss:2  | Noticed a ynoxinul
    16 | Abyss:2  | Noticed a white draconian
    17 | Abyss:2  | Found a transporter.
    17 | Abyss:2  | Noticed a small abomination
    18 | Abyss:2  | Noticed a starcursed mass
    18 | Abyss:2  | Noticed an anaconda
    19 | Abyss:2  | Noticed a great orb of eyes
    19 | Abyss:2  | an anaconda changed into a great orb of eyes
    20 | Abyss:2  | Noticed a large abomination
    22 | Abyss:2  | Found a snail-covered altar of Cheibriados.
    84 | Abyss:3  | Noticed a tentacled monstrosity
    94 | Abyss:3  | Noticed a water elemental
    97 | Abyss:3  | Noticed a thrashing horror
   101 | D:1      | Escaped the Abyss
   381 | D:1      | Reached * piety under Lugonu
   381 | D:1      | Reached XP level 2. HP: 26/26 MP: 3/3
  1035 | D:2      | Reached XP level 3. HP: 19/31 MP: 4/4
  1483 | D:2      | Found a sparkling altar of Nemelex Xobeh.
  1580 | D:2      | You fall into a shaft and drop 2 floors!
  1737 | D:4      | Slain by a worker ant

Illustrated notes

Levels and vault maps discovered:
D:1:      minmay_arrival_three_doors, layout_basic
D:2:      layout_basic, old_standard_altar, first_ration,
          minmay_misc_feat_plants
D:4:      layout_loops_cross, serial_shops, nicolae_shop_statue_plus

Skill      XL: |  1  2 |
---------------+-------+-----
Axes           | 2 |  2.1
Fighting       | |  3.5
Armour         | |  1.8
Dodging        | |  0.7
Shields        | |  0.7
Invocations    | |  2.5

Action                   || total
-------------------------++-------
Melee: Hand axe          ||   108
       Kick              ||    14
Throw: Javelin           ||     2
Invok: Depart the Abyss  ||     1
  Use: Scroll            ||     4
       Potion            ||     2
  Eat: Chunk             ||     2
Armor: Ring mail         ||    48
       Leather armour    ||     1
Dodge: Dodged            ||    54
Block: Buckler           ||    14

Table legend:
 A = Non-vault XP
 B = Vault XP
 C = Vault XP percentage of total XP
 D = Non-vault monster count
 E = Vault monster count
 F = Vault count percentage of total count
                 A         B        C        D         E       F
            +---------+---------+-------+---------+---------+-------
      Total |      79 |       0 |   0.0 |      31 |       0 |   0.0
            +---------+---------+-------+---------+---------+-------
        D:1 |      28 |       0 |   0.0 |      16 |       0 |   0.0
        D:2 |      46 |       0 |   0.0 |      14 |       0 |   0.0
        D:4 |       5 |       0 |   0.0 |       1 |       0 |   0.0
            +---------+---------+-------+---------+---------+-------
